 Dungeon Crawl Stone Soup version 0.26-a0-639-g72c4674329 (webtiles) character file.

Game seed: 17578024876274737861

3943 Flugslaktarn the Fighter (level 10, 0/93 HPs)
             Began as a Minotaur Fighter on Sept 20, 2020.
             Was a Priest of Makhleb.
             Slain by an orc priest
             ... wielding a +0 war axe
              (2 damage)
             ... on level 8 of the Dungeon.
             The game lasted 00:02:47 (5824 turns).

Flugslaktarn the Fighter (Minotaur Fighter)         Turns: 5824, Time: 00:02:48

Health: 0/93       AC: 10    Str: 25    XL:     10   Next: 1%
Magic:  12/12      EV:  7    Int:  5    God:    Makhleb [***...]
Gold:   394        SH: 11    Dex:  9    Spells: 9/9 levels left

rFire    . . .     SeeInvis .   d - +1 war axe (vorpal)
rCold    . . .     Faith    .   c - +0 kite shield
rNeg     . . .     Spirit   .   j - +0 chain mail
rPois    .         Reflect  .   (helmet restricted)
rElec    .         Harm     .   (no cloak)
rCorr    .         Rampage  .   (no gloves)
MR       .....                  (no boots)
Stlth    ..........             (no amulet)
HPRegen  0.25/turn              (no ring)
MPRegen  0.13/turn              (no ring)

@: flying
A: retaliatory headbutt, horns 2
a: Minor Destruction, Lesser Servant of Makhleb, Renounce Religion


You were on level 8 of the Dungeon.
You worshipped Makhleb.
Makhleb was most pleased with you.
You visited 1 branch of the dungeon, and saw 8 of its levels.

You collected 394 gold pieces.

Inventory:

Hand Weapons
 d - a +1 vorpal war axe (weapon)
   (You took it off Maggie on level 6 of the Dungeon)
Armour
 b - a +0 scale mail
 c - a +0 kite shield (worn)
 j - a +0 chain mail (worn)
   (You found it on level 3 of the Dungeon)
Wands
 e - a wand of digging (2)
   (You found it on level 5 of the Dungeon)
Scrolls
 a - a scroll of blinking {unknown}
 h - a scroll of teleportation {unknown}
 m - a scroll of enchant weapon
 n - a scroll of fear
 p - a scroll of immolation {unknown}
 r - 2 scrolls of identify
 s - 2 scrolls of random uselessness {unknown}
 x - 4 scrolls of remove curse
Potions
 f - a potion of mutation {unknown}
 g - a potion of berserk rage {unknown}
 i - a potion of flight
 k - a potion of lignification {unknown}
 l - a potion of heal wounds {unknown}
 o - a potion of stabbing {unknown}
 q - a potion of curing


   Skills:
 * Level 9.9 Fighting
 * Level 9.6 Axes
 + Level 7.6 Armour
 + Level 7.5 Shields
 + Level 5.1 Invocations


You had 9 spell levels left.
You didn't know any spells.
Your spell library was empty.

Dungeon Overview and Level Annotations

Branches:
Dungeon (8/15)             Temple (0/1) D:7
   Lair: D:8-11

Altars:
Ashenzari
Hepliaklqana
Makhleb
Sif Muna
Trog
Uskayaw
The Shining One


Innate Abilities, Weirdness & Mutations

You reflexively headbutt those who attack you in melee.
You have a pair of horns on your head.


Message History

It was a potion of flight.
You feel very buoyant.
You fly up into the air.
You block the orc warrior's attack.
The orc priest calls upon Beogh to heal the orc warrior.
The orc warrior is healed somewhat.
Unknown command.
You slash the orc warrior!
You kill the orc warrior!
Makhleb accepts your kill.
You have reached level 10!
The orc priest invokes the aid of Beogh against you.
Beogh smites you!
* * * LOW HITPOINT WARNING * * *
Things that are here:
a +0 long sword; a +0 plate armour; an orc corpse You block the orc wizard's attack.
The orc wizard hits you with a +0 dagger.
* * * LOW HITPOINT WARNING * * *
The orc priest hits you with a +0 war axe.
You die...

.. #... ## ########
..##...########.##...#..)
.......#................)
.......+................)
.......#.................
....... #.......###'###..
......)##.......##...####
......†o@o...............
####..)##)...............
#... #................
#... #.......##+######
#... ####'#####...##..
#... +............+...
#... #............#...
#... #............#...
#............#...


You could see an orc priest and an orc wizard (fast).

Vanquished Creatures
  Maggie (D:6)
  2 hippogriffs (D:7)
  Sigmund (D:5)
  A wraith (D:8)
  A wyvern (D:8)
  2 orc warriors
  3 sky beasts
  2 ogres
  2 centaurs
  3 big kobolds
  4 bullfrogs
  A gnoll sergeant (D:8)
  8 wights (D:7)
  8 killer bees
  2 orc priests
  A bullfrog zombie (D:6)
  4 hounds
  2 jellies (D:7)
  3 iguanas
  5 orc wizards
  4 worker ants
  5 adders
  12 gnolls
  A howler monkey skeleton (D:5)
  2 shadow imps
  2 white imps
  An ooze (D:4)
  2 adder zombies
  An adder skeleton (D:6)
  A worm (D:2)
  9 dart slugs (D:4)
  3 leopard geckos
  21 orcs
  2 bats
  2 giant cockroaches
  3 hobgoblins
  13 kobolds
  4 quokkas
  A frilled lizard (D:2)
  A rat (D:1)
146 creatures vanquished.

Notes
Turn   | Place    | Note
-------+----------+-------------------------------------------
     0 | D:1      | Flugslaktarn the Minotaur Fighter began the quest for the
                  | Orb.
     0 | D:1      | Reached XP level 1. HP: 19/19 MP: 0/0
   138 | D:1      | Reached XP level 2. HP: 27/27 MP: 1/1
   435 | D:3      | Found a hide-covered altar of Uskayaw.
   435 | D:3      | Found a burning altar of Makhleb.
   495 | D:3      | Became a worshipper of Makhleb the Destroyer
   725 | D:3      | Reached XP level 3. HP: 33/33 MP: 2/2
  1072 | D:4      | Reached XP level 4. HP: 18/41 MP: 3/3
  1075 | D:4      | Reached skill level 1 in Invocations
  1081 | D:4      | Reached XP level 5. HP: 11/47 MP: 4/4
  1458 | D:4      | Reached skill level 5 in Fighting
  1838 | D:5      | Entered Level 5 of the Dungeon
  1838 | D:5      | Found a hazy altar of Hepliaklqana.
  1839 | D:5      | Found a shattered altar of Ashenzari.
  1844 | D:5      | Found a glowing golden altar of the Shining One.
  1857 | D:5      | Found a shimmering blue altar of Sif Muna.
  2019 | D:5      | Noticed Sigmund
  2030 | D:5      | Killed Sigmund
  2030 | D:5      | Reached skill level 5 in Axes
  2030 | D:5      | Reached XP level 6. HP: 41/57 MP: 6/6
  2188 | D:5      | Reached skill level 5 in Armour
  2219 | D:5      | Reached * piety under Makhleb
  2226 | D:5      | Reached XP level 7. HP: 47/62 MP: 7/7
  2335 | D:5      | Reached skill level 5 in Shields
  2902 | D:6      | HP: 3/64 [hound (3)]
  3674 | D:6      | Reached XP level 8. HP: 73/73 MP: 9/9
  3967 | D:6      | Noticed Maggie
  3988 | D:6      | Killed Maggie
  4304 | D:6      | Found a bloodstained altar of Trog.
  4476 | D:7      | Reached ** piety under Makhleb
  4619 | D:7      | Found a staircase to the Ecumenical Temple.
  4619 | D:7      | Noticed a hippogriff
  4626 | D:7      | Killed a hippogriff
  4626 | D:7      | Reached XP level 9. HP: 61/82 MP: 9/11
  5650 | D:8      | Reached *** piety under Makhleb
  5740 | D:8      | Reached skill level 5 in Invocations
  5822 | D:8      | Reached XP level 10. HP: 15/93 MP: 12/12
  5822 | D:8      | HP: 3/93 [orc priest/divine providence (12)]
  5824 | D:8      | Slain by an orc priest

Illustrated notes

Levels and vault maps discovered:
D:1:      mrwooster_arrival_arrow, layout_basic, minmay_hexomino_p4
D:2:      minmay_diamond_boxcup, layout_rooms
D:3:      layout_loops_corners, gammafunk_temple_overflow_statue,
          mrwooster_statue_mirror
D:4:      kennysheep_slugbush, layout_cave_pools
D:5:      layout_gridville, grunt_temple_overflow_open, uniq_sigmund
D:6:      layout_loops_cross, lemuel_round_altar,
          chequers_serial_rivers_small_a, hangedman_abyss_or_decor_passed,
          uniq_maggie
D:7:      layout_rooms, minmay_temple_entry_overgrown
D:8:      layout_gridville, ploomutoo_gammafunk_ghost_potion_laboratory,
          minivault_25, hangedman_abyss_or_decor_lesser_grid

Skill      XL: |  1  2  3  4  5  6  7  8  9 |
---------------+----------------------------+-----
Axes           | 3 4 5 6 8 9 |  9.6
Fighting       | 4 5 7 8 9 |  9.9
Shields        | 4 5 6 7 |  7.5
Armour         | 4 5 6 7 |  7.6
Invocations    | 1 2 3 4 5 |  5.1

Action                   |  1- 3 |  4- 6 |  7- 9 | 10-12 || total
-------------------------+-------+-------+-------+-------++-------
Melee: War axe           |    60 |    58 |   238 |       ||   356
       Headbutt          |     9 |     8 |    40 |       ||    57
  Use: Potion            |       |     1 |     4 |       ||     5
       Scroll            |       |       |     8 |       ||     8
Armor: Scale mail        |    17 |       |       |       ||    17
       Chain mail        |    10 |    31 |   115 |       ||   156
Dodge: Dodged            |    13 |    11 |    69 |       ||    93
Block: Kite shield       |    41 |    41 |   168 |     1 ||   251

Table legend: (Time is in decaauts)
 A = Elapsed time spent in this place.
 B = Non-inter-level travel time spent in this place.
 C = Inter-level travel time spent in this place.
 D = Time resting spent in this place.
 E = Time spent auto-exploring this place.
 F = Levels seen in this place.
 G = Mean time per level.
                   A        B        C        D        E       F      G
               +--------+--------+--------+--------+--------+-----+--------+
         Total |   5935 |   5742 |    193 |    426 |   4485 |   8 |  741.9 |
       Dungeon |   5935 |   5742 |    193 |    426 |   4485 |   8 |  741.9 |
               +--------+--------+--------+--------+--------+-----+--------+

Top non-repeatable levels by time:
     D:5: 1492 daAuts
     D:6: 1128 daAuts
     D:4: 933 daAuts
     D:7: 905 daAuts
     D:3: 716 daAuts
     D:8: 517 daAuts
     D:1: 170 daAuts
     D:2: 70 daAuts
